[Event "CRO-ch Youth U19 2020"]
[Site "Vinkovci"]
[Date "2020.08.01"]
[Round "6.13"]
[White "Baric, Marko"]
[Black "Purini, Bruno"]
[Result "1/2-1/2"]
[ECO "C78"]
[WhiteElo "1831"]
[BlackElo "2017"]
[Annotator "ChessBase"]
[PlyCount "42"]
[EventDate "2020.07.28"]
[EventType "swiss"]
[EventCountry "CRO"]
[TimeControl "5400+30"]

1. e4 e5 2. Nf3 Nc6 3. Bb5 a6 4. Ba4 Nf6 5. O-O b5 6. Bb3 Bc5 7. Nxe5 Nxe5 8. d4 Bxd4 9. Qxd4 d6 10. Qe3 c5 11. c3 O-O 12. f3 Re8 13. Rd1 Bb7 14. Qf2 Qe7 15. Bg5 Nxe4 16. Bxe7 Nxf2 17. Kxf2 Rxe7 18. Rxd6 Rae8 19. Nd2 Ng6 20. Kg3 Kf8 21. Bc2 Re6 1/2-1/2

[Event "CRO-ch Youth U19 2020"]
[Site "Vinkovci"]
[Date "2020.08.01"]
[Round "6.14"]
[White "Juric, Matea"]
[Black "Dasic, Jelena"]
[Result "0-1"]
[ECO "B43"]
[WhiteElo "1559"]
[BlackElo "1814"]
[Annotator "NA"]
[PlyCount "52"]
[EventDate "2020.07.28"]
[EventType "swiss"]
[EventCountry "CRO"]
[TimeControl "5400+30"]

1. e4 c5 2. Nf3 e6 3. d4 cxd4 4. Nxd4 a6 5. a3 Qc7 6. Be2 Nf6 7. Nc3 b5 8. Bg5 Be7 9. Qd2 d6 10. O-O Nbd7 11. Rad1 Bb7 12. f3 O-O 13. Kh1 Ne5 14. Nb3 Nc4 15. Bxc4 bxc4 16. Nd4 Rab8 17. Rb1 Rfd8 18. Qe3 Qc5 19. Rfe1 h6 20. Bh4 Ng4 21. fxg4 Bxh4 22. Rf1 Bf6 23. Rxf6 gxf6 24. Qd2 Qg5 25. Qe2 d5 26. exd5 Bxd5 0-1

[Event "CRO-ch Youth U19 2020"]
[Site "Vinkovci"]
[Date "2020.08.01"]
[Round "6.15"]
[White "Vujic, Agata"]
[Black "Smetisko, Marija"]
[Result "0-1"]
[ECO "C24"]
[WhiteElo "1621"]
[BlackElo "1917"]
[Annotator "ChessBase"]
[PlyCount "56"]
[EventDate "2020.07.28"]
[EventType "swiss"]
[EventCountry "CRO"]
[TimeControl "5400+30"]

1. e4 e5 2. Nf3 d6 3. Bc4 c6 4. Nc3 Be7 5. d3 Nf6 6. h3 Nbd7 7. a4 O-O 8. O-O Nc5 9. Re1 Ne6 10. Bb3 h6 11. Ne2 Nh5 12. c3 Nef4 13. Nxf4 Nxf4 14. d4 Ng6 15. Bc2 Qc7 16. b3 Bd7 17. Qd3 Rad8 18. d5 Bf6 19. Be3 cxd5 20. exd5 e4 21. Qxe4 Bxc3 22. Qd3 Bxa1 23. Rxa1 f5 24. Qd1 Qa5 25. Bc1 Ne7 26. Ba3 Qxd5 27. Bxd6 Qe6 28. b4 Bxa4 0-1

[Event "CRO-ch Youth U19 2020"]
[Site "Vinkovci"]
[Date "2020.08.01"]
[Round "6.16"]
[White "Muha, Magdalena"]
[Black "Golub, Nikolina"]
[Result "1-0"]
[ECO "E11"]
[WhiteElo "1720"]
[BlackElo "1911"]
[Annotator "ChessBase"]
[PlyCount "119"]
[EventDate "2020.07.28"]
[EventType "swiss"]
[EventCountry "CRO"]
[TimeControl "5400+30"]

1. d4 Nf6 2. c4 e6 3. Nf3 Bb4+ 4. Bd2 a5 5. g3 O-O 6. Bg2 d6 7. O-O Bxd2 8. Nbxd2 Nbd7 9. e4 e5 10. d5 Nc5 11. Nh4 Bd7 12. Qe2 g6 13. Rae1 Re8 14. f3 Rb8 15. Qf2 Nd3 16. Qe2 Nxe1 17. Qxe1 c6 18. f4 Qb6+ 19. Kh1 exf4 20. Rxf4 Nh5 21. Rf2 Qxb2 22. Qf1 Re7 23. Bf3 Ng7 24. Bg2 Qxa2 25. e5 Qa3 26. Ne4 Ne8 27. e6 Bxe6 28. dxe6 f5 29. Nxf5 gxf5 30. Rxf5 Ng7 31. Rf3 Qb4 32. Nf6+ Kh8 33. Nd5 Nxe6 34. Nxb4 axb4 35. Qa1+ Kg8 36. Qf6 Rbe8 37. Rf5 Ng7 38. Rf1 b3 39. Be4 b2 40. Kg2 Ne6 41. Bb1 Ng7 42. Kh3 Ne6 43. Kg2 Ng7 44. Qh6 Ne6 45. Rf3 Nf8 46. Qg5+ Rg7 47. Qf6 Nd7 48. Qxb2 Ne5 49. Rf4 Rge7 50. Qc2 Ng6 51. Rf2 Re5 52. Qb2 R8e7 53. Qa2 Kg7 54. Qd2 d5 55. cxd5 Rxd5 56. Qb2+ Ne5 57. Ba2 Rb5 58. Qd4 h6 59. Qd8 Ng6 60. Qg8# 1-0

[Event "CRO-ch Youth U19 2020"]
[Site "Vinkovci"]
[Date "2020.08.01"]
[Round "7.9"]
[White "Moric, Ivan"]
[Black "Jakrlin, Mihael"]
[Result "1-0"]
[ECO "B03"]
[WhiteElo "1726"]
[BlackElo "2183"]
[Annotator "ChessBase"]
[PlyCount "105"]
[EventDate "2020.07.28"]
[EventType "swiss"]
[EventCountry "CRO"]
[SourceTitle "playchess.com"]
[Source "ChessBase"]
[SourceQuality "1"]
[TimeControl "5400+30"]

1. e4 Nf6 2. e5 Nd5 3. d4 d6 4. Nf3 Bg4 5. Bc4 c6 6. Nc3 dxe5 7. dxe5 e6 8. Bxd5 cxd5 9. O-O Nc6 10. Re1 Bb4 11. Bd2 a6 12. h3 Bh5 13. g4 Bg6 14. Ne2 Be7 15. c3 O-O 16. Ned4 Na5 17. Qe2 Nc4 18. Bc1 Qc7 19. Nd2 b5 20. f4 Nxd2 21. Bxd2 Be4 22. Qh2 b4 23. Rac1 bxc3 24. Rxc3 Bc5 25. Be3 Qb6 26. Qf2 Rac8 27. Rec1 Bxd4 28. Bxd4 Rxc3 29. Rxc3 Qb5 30. f5 exf5 31. gxf5 Qd7 32. f6 Qe6 33. Qg3 Bg6 34. h4 h5 35. Qg5 Re8 36. fxg7 Kxg7 37. Rb3 Qg4+ 38. Qxg4 hxg4 39. e6+ f6 40. Rb7+ Kh6 41. Rb6 f5 42. Kf2 Kh5 43. Kg3 Rf8 44. Kf4 Kxh4 45. e7 Re8 46. Rxg6 Kh5 47. Kxf5 Rxe7 48. Rg7 Rxg7 49. Bxg7 g3 50. Bd4 a5 51. Ke5 a4 52. Kxd5 a3 53. bxa3 1-0

[Event "CRO-ch Youth U19 2020"]
[Site "Vinkovci"]
[Date "2020.08.01"]
[Round "7.11"]
[White "Alfirevic, Duje"]
[Black "Baric, Marko"]
[Result "0-1"]
[ECO "B77"]
[WhiteElo "2011"]
[BlackElo "1831"]
[Annotator "ChessBase"]
[PlyCount "88"]
[EventDate "2020.07.28"]
[EventType "swiss"]
[EventCountry "CRO"]
[SourceTitle "playchess.com"]
[Source "ChessBase"]
[SourceQuality "1"]
[TimeControl "5400+30"]

1. e4 c5 2. Nf3 Nc6 3. d4 cxd4 4. Nxd4 g6 5. Nc3 Bg7 6. Be3 Nf6 7. Bc4 O-O 8. Bb3 d6 9. f3 Bd7 10. Qd2 Nxd4 11. Bxd4 b5 12. h4 a5 13. h5 e5 14. Be3 a4 15. Bd5 Nxd5 16. Nxd5 Be6 17. Bh6 Bxd5 18. Bxg7 Kxg7 19. hxg6 hxg6 20. Qxd5 Qg5 21. Qd2 Qg3+ 22. Qf2 Qxf2+ 23. Kxf2 Rac8 24. Rac1 Rc5 25. a3 d5 26. exd5 Rxd5 27. Rhd1 Rfd8 28. Rxd5 Rxd5 29. Ke2 f5 30. b3 axb3 31. cxb3 Kf6 32. a4 bxa4 33. bxa4 Kg5 34. g3 e4 35. fxe4 fxe4 36. Ke3 Kf5 37. Rc3 Ra5 38. Ra3 Ke5 39. g4 Ra7 40. a5 Rh7 41. Kf2 Kf4 42. Rg3 Rh2+ 43. Rg2 e3+ 44. Kg1 e2 0-1

[Event "CRO-ch Youth U19 2020"]
[Site "Vinkovci"]
[Date "2020.08.01"]
[Round "7.12"]
[White "Ghersinich, Enrico"]
[Black "Smetisko, Josip"]
[Result "1-0"]
[ECO "B07"]
[WhiteElo "2299"]
[BlackElo "1940"]
[Annotator "ChessBase"]
[PlyCount "73"]
[EventDate "2020.07.28"]
[EventType "swiss"]
[EventCountry "CRO"]
[SourceTitle "playchess.com"]
[Source "ChessBase"]
[SourceQuality "1"]
[TimeControl "5400+30"]

1. e4 d6 2. d4 Nf6 3. Nc3 g6 4. Be2 Bg7 5. h4 h5 6. Bg5 Nbd7 7. Nf3 Ng4 8. Qd2 c6 9. Nh2 Ndf6 10. Nxg4 Bxg4 11. f3 Be6 12. O-O-O Qa5 13. Kb1 d5 14. Bxf6 Bxf6 15. Nxd5 Qxd2 16. Nxf6+ exf6 17. Rxd2 O-O-O 18. c4 f5 19. Rhd1 Rhe8 20. e5 f4 21. Kc2 Bf5+ 22. Bd3 Kc7 23. Kc3 Re6 24. Re1 Rde8 25. Rde2 Rd8 26. b4 a6 27. a4 b6 28. Be4 Re7 29. b5 axb5 30. axb5 Red7 31. d5 c5 32. d6+ Kb8 33. Ra2 Bxe4 34. Rxe4 f6 35. Re1 Ra7 36. Rxa7 Kxa7 37. e6 1-0

[Event "CRO-ch Youth U19 2020"]
[Site "Vinkovci"]
[Date "2020.08.01"]
[Round "7.14"]
[White "Dasic, Jelena"]
[Black "Golub, Nikolina"]
[Result "0-1"]
[ECO "D02"]
[WhiteElo "1814"]
[BlackElo "1911"]
[Annotator "ChessBase"]
[PlyCount "86"]
[EventDate "2020.07.28"]
[EventType "swiss"]
[EventCountry "CRO"]
[SourceTitle "playchess.com"]
[Source "ChessBase"]
[SourceQuality "1"]
[TimeControl "5400+30"]

1. d4 Nf6 2. Bf4 d5 3. e3 c5 4. c3 Nc6 5. Nf3 Qb6 6. Qc1 Bf5 7. Nbd2 e6 8. h3 h6 9. Be2 Be7 10. Ne5 Rc8 11. Ndf3 Ne4 12. Nxc6 bxc6 13. Nd2 cxd4 14. exd4 c5 15. Nxe4 Bxe4 16. f3 Bg6 17. Be3 Bh4+ 18. Kf1 c4 19. Bd1 O-O 20. Bc2 Bxc2 21. Qxc2 Rb8 22. Rb1 Qa6 23. a3 Rb6 24. g4 Rfb8 25. Kg2 Qb7 26. Bc1 Be7 27. b4 cxb3 28. Qe2 b2 29. Bf4 Rc8 30. Qd2 Rb3 31. g5 hxg5 32. Bxg5 Bxg5 33. Qxg5 Rbxc3 34. Rhg1 Rc2+ 35. Kh1 g6 36. h4 Qb3 37. Qf6 Rc1 38. h5 Rxb1 39. h6 Rxg1+ 40. Kxg1 b1=Q+ 41. Kg2 Q3c2+ 42. Kg3 Qg1+ 43. Kf4 Qd2+ 0-1

[Event "CRO-ch Youth U19 2020"]
[Site "Vinkovci"]
[Date "2020.08.01"]
[Round "7.15"]
[White "Smetisko, Marija"]
[Black "Muha, Magdalena"]
[Result "1/2-1/2"]
[ECO "C01"]
[WhiteElo "1917"]
[BlackElo "1720"]
[Annotator "NA"]
[PlyCount "74"]
[EventDate "2020.07.28"]
[EventType "swiss"]
[EventCountry "CRO"]
[SourceTitle "playchess.com"]
[Source "ChessBase"]
[SourceQuality "1"]
[TimeControl "5400+30"]

1. e4 e6 2. d4 d5 3. exd5 exd5 4. Nc3 c6 5. Bd3 Bd6 6. Nge2 Bg4 7. f3 {[%emt 0:03:30] C01: French: Exchange Variation.} Bh5 8. Bf4 Ne7 9. Qd2 Qc7 10. O-O-O Nd7 11. Bxd6 Qxd6 {[%emt 0:00:00] [#]} 12. Qf4 $146 ({Predecessor:} 12. Nf4 Bg6 13. Nxg6 hxg6 14. g4 O-O-O 15. Rde1 Nf8 16. f4 Ne6 17. f5 Nf4 18. Kb1 {1-0 (32) Bokiej,P (2016)-Szybowicz,P (2017) Pieczyska 2007}) 12... Qxf4+ 13. Nxf4 Nf6 (13... Bg6 $5) 14. Rhe1 Kd7 15. Re5 Bg6 $1 16. Rde1 Rhe8 17. h4 Bxd3 18. Nxd3 Ng6 19. Rxe8 Rxe8 20. Rxe8 Kxe8 21. g3 Nh5 22. Ne2 f5 23. Ne5 Ke7 $14 24. Nxg6+ hxg6 25. Kd2 Kf7 26. a4 Nf6 27. Ke3 Nd7 28. Kf4 Kf6 29. b3 Nf8 30. Ke3 g5 31. hxg5+ Kxg5 32. Nf4 g6 33. a5 Kf6 34. Nd3 Ne6 35. Ne5 a6 36. Nd7+ Ke7 37. Nb6 g5 1/2-1/2

[Event "CRO-ch Youth U19 2020"]
[Site "Vinkovci"]
[Date "2020.08.01"]
[Round "7.16"]
[White "Juric, Matea"]
[Black "Vujic, Agata"]
[Result "0-1"]
[ECO "C50"]
[WhiteElo "1559"]
[BlackElo "1621"]
[Annotator "NA RC"]
[PlyCount "24"]
[EventDate "2020.07.28"]
[EventType "swiss"]
[EventCountry "CRO"]
[SourceTitle "playchess.com"]
[Source "ChessBase"]
[SourceQuality "1"]
[TimeControl "5400+30"]

1. e4 e5 2. Nf3 Nf6 3. Nc3 Nc6 4. Bc4 Bc5 5. d3 d6 6. h3 Ne7 7. Bg5 c6 8. d4 exd4 9. Nxd4 Qb6 10. Be3 Qxb2 11. Na4 Qb4+ 12. c3 Qxc4 0-1

[Event "CRO-ch Youth U19 2020"]
[Site "Vinkovci"]
[Date "2020.08.03"]
[Round "8.9"]
[White "Ghersinich, Enrico"]
[Black "Moric, Ivan"]
[Result "1-0"]
[ECO "B22"]
[WhiteElo "2299"]
[BlackElo "1755"]
[Annotator "ChessBase"]
[PlyCount "55"]
[EventDate "2020.07.28"]
[EventType "swiss"]
[EventCountry "CRO"]
[SourceTitle "playchess.com"]
[Source "ChessBase"]
[SourceQuality "1"]
[TimeControl "5400+30"]

1. e4 c5 2. c3 Nf6 3. e5 Nd5 4. d4 cxd4 5. Nf3 d3 6. Bxd3 e6 7. O-O Nc6 8. Nbd2 d6 9. Nc4 dxe5 10. Ncxe5 Nxe5 11. Nxe5 a6 12. Qf3 Qc7 13. Re1 Bd6 14. Nc4 Bxh2+ 15. Kh1 b5 16. Ne3 Nf4 17. Be4 Rb8 18. g3 Nh3 19. Nf1 O-O 20. Kxh2 f5 21. Bc6 Nxf2 22. Bf4 e5 23. Bxe5 Ng4+ 24. Qxg4 Qxe5 25. Qg5 Qc5 26. Re7 g6 27. Rae1 Qxc6 28. Qh6 1-0

[Event "CRO-ch Youth U19 2020"]
[Site "Vinkovci"]
[Date "2020.08.03"]
[Round "8.10"]
[White "Birkic, Josip"]
[Black "Cotic, Borna"]
[Result "0-1"]
[ECO "D48"]
[WhiteElo "1984"]
[BlackElo "2049"]
[Annotator "ChessBase"]
[PlyCount "120"]
[EventDate "2020.07.28"]
[EventType "swiss"]
[EventCountry "CRO"]
[SourceTitle "playchess.com"]
[Source "ChessBase"]
[SourceQuality "1"]
[TimeControl "5400+30"]

1. d4 Nf6 2. c4 e6 3. Nf3 d5 4. Nc3 dxc4 5. e3 a6 6. Bxc4 b5 7. Bd3 Bb7 8. a3 c5 9. dxc5 Bxc5 10. O-O O-O 11. b4 Be7 12. Bb2 Nbd7 13. e4 Nb6 14. Qe2 Rc8 15. Rad1 Qc7 16. Nd2 Rfd8 17. f4 Nc4 18. Nxc4 bxc4 19. Bc2 a5 20. b5 Rxd1 21. Bxd1 Rd8 22. Bc2 Qd6 23. Kh1 Qd2 24. Rf2 Qxe2 25. Rxe2 Nd7 26. Rd2 Nc5 27. Rxd8+ Bxd8 28. Kg1 g5 29. f5 Bf6 30. fxe6 fxe6 31. Na4 Bxb2 32. Nxb2 c3 33. Nc4 Bxe4 34. Bxe4 Nxe4 35. Ne3 Nd6 36. b6 Kf7 37. Kf2 Ke7 38. Ke2 Kd7 39. Kd3 Kc6 40. Kxc3 Kxb6 41. Ng4 Kc5 42. Nf6 h6 43. g4 Nf7 44. Kd3 Ne5+ 45. Kc3 a4 46. h3 Nc4 47. Ng8 Nxa3 48. Nxh6 Nb5+ 49. Kb2 Nd6 50. Ka3 Kd4 51. Kxa4 Ke4 52. Kb4 Kf4 53. Kc5 Ne4+ 54. Kd4 e5+ 55. Kd5 Nf2 56. Nf7 e4 57. Kd4 e3 58. Nxg5 e2 59. Ne6+ Kg3 60. g5 e1=Q 0-1

[Event "CRO-ch Youth U19 2020"]
[Site "Vinkovci"]
[Date "2020.08.03"]
[Round "8.11"]
[White "Jakrlin, Mihael"]
[Black "Purini, Bruno"]
[Result "0-1"]
[ECO "E18"]
[WhiteElo "2183"]
[BlackElo "2017"]
[Annotator "ChessBase"]
[PlyCount "126"]
[EventDate "2020.07.28"]
[EventType "swiss"]
[EventCountry "CRO"]
[SourceTitle "playchess.com"]
[Source "ChessBase"]
[SourceQuality "1"]
[TimeControl "5400+30"]

1. d4 d5 2. Nf3 Nf6 3. c4 e6 4. g3 b6 5. Bg2 Bb7 6. cxd5 exd5 7. Nc3 Be7 8. O-O O-O 9. Bf4 c5 10. dxc5 bxc5 11. Qb3 Qb6 12. Na4 Qxb3 13. axb3 Nbd7 14. Rfc1 d4 15. Nxd4 Bxg2 16. Nf5 Rfe8 17. Kxg2 Bf8 18. Rc2 Re4 19. Rd1 Rb4 20. Rd3 Rc8 21. Rc4 g6 22. Nd6 Rcb8 23. Ne4 Re8 24. Nxf6+ Nxf6 25. Kf3 Ne4 26. Nc3 f5 27. Nd5 Rb7 28. h4 Bg7 29. Rc2 h6 30. Be3 Reb8 31. Bf4 Re8 32. Kg2 Kf7 33. f3 Nf6 34. Ne3 Nh5 35. Bd6 f4 36. gxf4 Rd7 37. Kf2 Rxe3 38. Rxe3 Rxd6 39. Re4 Bf6 40. Ra4 a6 41. e4 Nxf4 42. Ke3 Ne6 43. f4 Bxh4 44. f5 Bg5+ 45. Kf2 Nf4 46. fxg6+ Kxg6 47. e5 Nd3+ 48. Kf1 Nxe5 49. Rxc5 Rd1+ 50. Kg2 Rd2+ 51. Kh3 Kf5 52. Kg3 Rxb2 53. Rxe5+ Kxe5 54. Ra5+ Ke4 55. Rxa6 Rxb3+ 56. Kg2 Kf5 57. Ra5+ Kg4 58. Ra4+ Bf4 59. Ra1 Rb2+ 60. Kh1 Kh3 61. Ra3+ Bg3 62. Ra1 Rh2+ 63. Kg1 Bf2+ 0-1

[Event "CRO-ch Youth U19 2020"]
[Site "Vinkovci"]
[Date "2020.08.03"]
[Round "8.12"]
[White "Baric, Marko"]
[Black "Smetisko, Josip"]
[Result "1/2-1/2"]
[ECO "B07"]
[WhiteElo "1831"]
[BlackElo "1936"]
[Annotator "ChessBase"]
[PlyCount "81"]
[EventDate "2020.07.28"]
[EventType "swiss"]
[EventCountry "CRO"]
[SourceTitle "playchess.com"]
[Source "ChessBase"]
[SourceQuality "1"]
[TimeControl "5400+30"]

1. e4 d6 2. d4 Nf6 3. Nc3 g6 4. h3 Bg7 5. Nge2 Nc6 6. g4 e5 7. Be3 exd4 8. Nxd4 Nxd4 9. Qxd4 O-O 10. Qd2 Re8 11. f3 Be6 12. O-O-O Nd7 13. Kb1 Ne5 14. Be2 Nc4 15. Bxc4 Bxc4 16. Bd4 Be6 17. Bxg7 Kxg7 18. h4 h6 19. g5 h5 20. f4 Bg4 21. Rdf1 c6 22. f5 gxf5 23. exf5 f6 24. Qf4 d5 25. Rfg1 Qe7 26. gxf6+ Qxf6 27. Nd1 Re4 28. Qc7+ Re7 29. Qg3 Qxf5 30. Ne3 Qe4 31. Nxg4 hxg4 32. Re1 Qb4 33. Rxe7+ Qxe7 34. Qxg4+ Kh6 35. Rg1 Qf7 36. Qg3 Rf8 37. b3 a6 38. Re1 Re8 39. Qg5+ Kh7 40. Rxe8 Qxe8 41. h5 1/2-1/2

[Event "CRO-ch Youth U19 2020"]
[Site "Vinkovci"]
[Date "2020.08.03"]
[Round "8.13"]
[White "Salamon, Viktor"]
[Black "Novosel, Marko"]
[Result "0-1"]
[ECO "A52"]
[WhiteElo "1805"]
[BlackElo "2155"]
[Annotator "ChessBase"]
[PlyCount "84"]
[EventDate "2020.07.28"]
[EventType "swiss"]
[EventCountry "CRO"]
[SourceTitle "playchess.com"]
[Source "ChessBase"]
[SourceQuality "1"]
[TimeControl "5400+30"]

1. d4 Nf6 2. c4 e5 3. dxe5 Ng4 4. Bf4 g5 5. Bg3 Bg7 6. Nf3 Nc6 7. Nc3 Ngxe5 8. Nxe5 Nxe5 9. e3 d6 10. h4 g4 11. Be2 h5 12. Qb3 O-O 13. Nd5 Ng6 14. O-O-O Be6 15. f3 b5 16. Qc2 bxc4 17. Bxc4 Rb8 18. b3 c6 19. Nf4 Nxf4 20. Bxf4 Bxc4 21. Qxc4 d5 22. Qc2 Qa5 23. Rd3 Rb5 24. Kd1 Rc5 25. Qb1 Rc3 26. Rxc3 Qxc3 27. Ke2 Re8 28. Rc1 Qf6 29. g3 d4 30. e4 Qg6 31. Qd3 f5 32. Qc4+ Kh7 33. Qxc6 gxf3+ 34. Kxf3 fxe4+ 35. Kg2 Re6 36. Qd5 e3 37. Rc8 e2 38. Qd8 Qe4+ 39. Kh2 Qh1+ 40. Kxh1 e1=Q+ 41. Kh2 Re2+ 42. Kh3 Qh1# 0-1

[Event "CRO-ch Youth U19 2020"]
[Site "Vinkovci"]
[Date "2020.08.04"]
[Round "9.9"]
[White "Jakrlin, Mihael"]
[Black "Ghersinich, Enrico"]
[Result "1-0"]
[ECO "D27"]
[WhiteElo "2183"]
[BlackElo "2299"]
[Annotator "ChessBase"]
[PlyCount "113"]
[EventDate "2020.07.28"]
[EventType "swiss"]
[EventCountry "CRO"]
[SourceTitle "playchess.com"]
[Source "ChessBase"]
[SourceQuality "1"]
[TimeControl "5400+30"]

1. d4 d5 2. c4 dxc4 3. e3 Nf6 4. Bxc4 e6 5. Nf3 a6 6. a4 c5 7. O-O Nc6 8. Nc3 Be7 9. Qe2 cxd4 10. Rd1 e5 11. exd4 exd4 12. Ne5 O-O 13. Bf4 Bc5 14. Bg5 Qd6 15. Nxc6 bxc6 16. Bxf6 Qxf6 17. Ne4 Qe7 18. Nxc5 Qxc5 19. Rac1 Qd6 20. Qe4 Rb8 21. Rxd4 Qh6 22. Rcd1 Rxb2 23. Rd6 Qg5 24. h4 Qc5 25. R1d4 Bf5 26. Qe7 Bg6 27. Rf4 Rb7 28. Qxb7 Qxd6 29. g3 a5 30. Qa7 Qe5 31. Kh2 Qe1 32. Qd4 Qe7 33. Qc3 Qa7 34. Qf3 Qc5 35. Bb3 Qc1 36. h5 Qb1 37. hxg6 Qxg6 38. Kg2 h5 39. Rh4 Rb8 40. Bd1 Rd8 41. Rxh5 Rd6 42. Qe2 Re6 43. Qc2 Qf6 44. Rxa5 g6 45. Rc5 Qa1 46. Qd2 Kh7 47. Rc4 Qe5 48. Rh4+ Kg8 49. Qd4 Kg7 50. a5 g5 51. Qxe5+ Rxe5 52. Ra4 Re7 53. a6 Ra7 54. Bf3 c5 55. Bb7 Kf6 56. Rc4 Ke5 57. Rxc5+ 1-0

[Event "CRO-ch Youth U19 2020"]
[Site "Vinkovci"]
[Date "2020.08.04"]
[Round "9.10"]
[White "Novosel, Marko"]
[Black "Alfirevic, Duje"]
[Result "1-0"]
[ECO "C56"]
[WhiteElo "2147"]
[BlackElo "2011"]
[Annotator "ChessBase"]
[PlyCount "104"]
[EventDate "2020.07.28"]
[EventType "swiss"]
[EventCountry "CRO"]
[SourceTitle "playchess.com"]
[Source "ChessBase"]
[SourceQuality "1"]
[TimeControl "5400+30"]

1. e4 e5 2. Nf3 Nc6 3. d4 exd4 4. Bc4 Nf6 5. e5 d5 6. Bb5 Ne4 7. Nxd4 Bc5 8. Be3 Bd7 9. Bxc6 bxc6 10. O-O O-O 11. f3 Ng5 12. f4 Ne4 13. Nd2 Qe7 14. Nxe4 dxe4 15. c3 f6 16. exf6 Rxf6 17. Qe2 Raf8 18. Rf2 Bd6 19. Raf1 c5 20. Nb3 Kh8 21. Nd2 a5 22. Qa6 g5 23. fxg5 Bxh2+ 24. Kxh2 Rxa6 25. Rxf8+ Kg7 26. R8f6 Re6 27. Nb3 Qd6+ 28. Kg1 Rxf6 29. gxf6+ Kf7 30. Nxc5 Bc6 31. Kf2 Kxf6 32. a4 Ke7 33. Rh1 Qf6+ 34. Kg1 Qf5 35. Rh6 Bd5 36. b3 Bf7 37. Rh4 Bg6 38. Rxe4+ Qxe4 39. Nxe4 Bxe4 40. b4 Bc2 41. bxa5 Bxa4 42. a6 Bc6 43. a7 Ba8 44. g4 Kd6 45. Kf2 c5 46. Bf4+ Kc6 47. Ke3 Kb6 48. Bb8 Kb5 49. Kf4 Kb6 50. Ke5 Bf3 51. g5 c4 52. Kd4 Kb5 1-0

[Event "CRO-ch Youth U19 2020"]
[Site "Vinkovci"]
[Date "2020.08.04"]
[Round "9.11"]
[White "Purini, Bruno"]
[Black "Moric, Ivan"]
[Result "1/2-1/2"]
[ECO "B52"]
[WhiteElo "2017"]
[BlackElo "1726"]
[Annotator "ChessBase"]
[PlyCount "62"]
[EventDate "2020.07.28"]
[EventType "swiss"]
[EventCountry "CRO"]
[SourceTitle "playchess.com"]
[Source "ChessBase"]
[SourceQuality "1"]
[TimeControl "5400+30"]

1. e4 c5 2. Nf3 d6 3. Bb5+ Bd7 4. Bxd7+ Qxd7 5. O-O Nf6 6. Qe2 e6 7. c3 Be7 8. d4 O-O 9. Rd1 Qc7 10. h3 Nbd7 11. Bf4 Rac8 12. Na3 a6 13. dxc5 Qxc5 14. Bh2 b5 15. Rac1 Qc6 16. Re1 Nc5 17. e5 Nd5 18. c4 Nb4 19. cxb5 axb5 20. exd6 Bxd6 21. Bxd6 Qxd6 22. Red1 Qb6 23. Ne5 Nxa2 24. Rxc5 Qxc5 25. Nd7 Qb4 26. Nxf8 Rxf8 27. Qxb5 Qxb5 28. Nxb5 Rb8 29. Nc3 Nxc3 30. bxc3 Kf8 31. Rd7 Rc8 1/2-1/2

[Event "CRO-ch Youth U19 2020"]
[Site "Vinkovci"]
[Date "2020.08.04"]
[Round "9.12"]
[White "Baric, Marko"]
[Black "Salamon, Viktor"]
[Result "0-1"]
[ECO "A01"]
[WhiteElo "1831"]
[BlackElo "1805"]
[Annotator "NA"]
[PlyCount "114"]
[EventDate "2020.07.28"]
[EventType "swiss"]
[EventCountry "CRO"]
[SourceTitle "playchess.com"]
[Source "ChessBase"]
[SourceQuality "1"]
[TimeControl "5400+30"]

1. b3 d5 2. Bb2 Bg4 3. f3 Bh5 4. g4 Bg6 5. e3 e6 6. h4 h5 7. g5 Ne7 8. Ne2 Nf5 9. Nf4 Bd6 10. Rh3 c5 11. Nxg6 fxg6 12. f4 O-O 13. Bg2 Nc6 14. Qe2 Bc7 15. Nc3 Qd7 16. O-O-O d4 17. Ne4 Bb6 18. Nf2 a5 19. Qb5 Qc7 20. Nd3 a4 21. Bxc6 Nd6 22. bxa4 Nxb5 23. Bxb5 c4 24. Ne5 c3 25. Ba1 dxe3 26. Bxc3 Rxf4 27. Nxg6 Rf2 28. Re1 Rc8 29. Rhxe3 Bxe3 30. Rxe3 Qf7 31. Ne5 Qf4 32. Nd3 Rf1+ 33. Kb2 Qxh4 34. g6 Rxc3 35. dxc3 Rf6 36. Ne5 Qf4 37. Re1 h4 38. Be8 h3 39. Bf7+ Kf8 40. Nd7+ Ke7 41. Nxf6 Kxf6 42. Rxe6+ Kg5 43. Re1 Qf3 44. c4 h2 45. Bd5 Qf6+ 46. Kb1 Qxg6 47. Rh1 Qb6+ 48. Kc1 Kf4 49. a5 Qe3+ 50. Kb1 g5 51. Bxb7 g4 52. a6 g3 53. Kb2 Qg1 54. c5 g2 55. Rxg1 hxg1=Q 56. a7 Qxc5 57. a8=Q Qb4+ 0-1

[Event "CRO-ch Youth U19 2020"]
[Site "Vinkovci"]
[Date "2020.08.04"]
[Round "9.13"]
[White "Smetisko, Josip"]
[Black "Birkic, Josip"]
[Result "0-1"]
[ECO "B10"]
[WhiteElo "1940"]
[BlackElo "1984"]
[Annotator "ChessBase"]
[PlyCount "54"]
[EventDate "2020.07.28"]
[EventType "swiss"]
[EventCountry "CRO"]
[SourceTitle "playchess.com"]
[Source "ChessBase"]
[SourceQuality "1"]
[TimeControl "5400+30"]

1. e4 c6 2. d3 d5 3. Nd2 Nf6 4. Ngf3 Bg4 5. Be2 e6 6. c3 Be7 7. h3 Bh5 8. Ne5 Bg6 9. Nxg6 hxg6 10. O-O Nbd7 11. Bf3 Qb6 12. d4 Rc8 13. Qb3 a5 14. Re1 Qa6 15. Be2 Qa7 16. exd5 cxd5 17. Bb5 O-O 18. Nf3 Bd6 19. a4 Rfd8 20. Bg5 b6 21. Ne5 Nb8 22. Re3 Rc7 23. Rae1 Rdc8 24. Bxf6 gxf6 25. Nxg6 fxg6 26. Rxe6 Rd8 27. Qxd5 Bh2+ 0-1

[Event "CRO-ch Youth U19 2020"]
[Site "Vinkovci"]
[Date "2020.08.04"]
[Round "9.14"]
[White "Vujic, Agata"]
[Black "Dasic, Jelena"]
[Result "1/2-1/2"]
[ECO "B41"]
[WhiteElo "1621"]
[BlackElo "1814"]
[Annotator "NA"]
[PlyCount "24"]
[EventDate "2020.07.28"]
[EventType "swiss"]
[EventCountry "CRO"]
[SourceTitle "playchess.com"]
[Source "ChessBase"]
[SourceQuality "1"]
[TimeControl "5400+30"]

1. e4 c5 2. Nf3 e6 3. d4 cxd4 4. Nxd4 a6 5. c4 Nf6 6. f3 Qc7 7. Bg5 Qa5+ 8. Qd2 Qxd2+ 9. Nxd2 Be7 10. Be2 Nc6 11. Nxc6 bxc6 12. O-O Rb8 1/2-1/2

[Event "CRO-ch Youth U19 2020"]
[Site "Vinkovci"]
[Date "2020.08.04"]
[Round "9.15"]
[White "Muha, Magdalena"]
[Black "Juric, Matea"]
[Result "1-0"]
[ECO "D45"]
[WhiteElo "1720"]
[BlackElo "1559"]
[Annotator "NA"]
[PlyCount "55"]
[EventDate "2020.07.28"]
[EventType "swiss"]
[EventCountry "CRO"]
[SourceTitle "playchess.com"]
[Source "ChessBase"]
[SourceQuality "1"]
[TimeControl "5400+30"]

1. d4 d5 2. c4 c6 3. Nf3 Nf6 4. Nc3 e6 5. e3 Be7 6. Bd3 O-O 7. O-O c5 8. cxd5 exd5 9. dxc5 Bxc5 10. h3 Nc6 11. a3 d4 12. Na4 Bb6 13. Nxb6 Qxb6 14. b4 dxe3 15. Bxe3 Qd8 16. Qc2 Be6 17. Rfd1 Qc8 18. Rac1 a6 19. Qb2 Bf5 20. Be2 Rd8 21. Bd4 Re8 22. Bc4 Be6 23. Bxf6 Bxc4 24. Rxc4 gxf6 25. Qxf6 Re6 26. Rg4+ Kf8 27. Qg7+ Ke7 28. Nh4 1-0

[Event "CRO-ch Youth U19 2020"]
[Site "Vinkovci"]
[Date "2020.08.04"]
[Round "9.16"]
[White "Golub, Nikolina"]
[Black "Smetisko, Marija"]
[Result "1/2-1/2"]
[ECO "A36"]
[WhiteElo "1911"]
[BlackElo "1917"]
[Annotator "ChessBase"]
[PlyCount "48"]
[EventDate "2020.07.28"]
[EventType "swiss"]
[EventCountry "CRO"]
[SourceTitle "playchess.com"]
[Source "ChessBase"]
[SourceQuality "1"]
[TimeControl "5400+30"]

1. c4 c5 2. Nc3 Nc6 3. g3 Nf6 4. Bg2 g6 5. e3 e6 6. d4 cxd4 7. exd4 d5 8. Nge2 Bg7 9. O-O O-O 10. cxd5 Nxd5 11. Nxd5 exd5 12. Qb3 Nxd4 13. Nxd4 Bxd4 14. Bxd5 Bh3 15. Bh6 Bxf1 16. Bxf8 Ba6 17. Bh6 Qf6 18. Be3 Bxe3 19. fxe3 Rc8 20. Rd1 Qf5 21. e4 Qf6 22. a3 Be2 23. Re1 Qd4+ 24. Kg2 Qd2 1/2-1/2